 Dungeon Sprint DCSS version 0.22.1-2-g9c5b331383 (webtiles) character file.

498 Groucho the Fighter (level 7, -1/49 HPs)
             Began as a Gargoyle Fighter on Dec 7, 2018.
             Was a Priest of Cheibriados.
             Slain by a troll (4 damage)
             ... in the Dungeon (Sprint IX: "|||||||||||||||||||||||||||||").
             The game lasted 00:02:07 (945 turns).

Groucho the Fighter (Gargoyle Fighter)               Turns: 945, Time: 00:02:08

Health: -1/49      AC: 19    Str: 34    XL:     7   Next: 16%
Magic:  11/11      EV:  7    Int: 16    God:    Cheibriados [***...]
Gold:   0          SH: 13    Dex: 21    Spells: 6/6 levels left

rFire    . . .     SeeInvis .   p - +1 broad axe (chop)
rCold    . . .     Gourm    .   c - +0 shield
rNeg     + . .     Faith    .   r - +0 plate armour
rPois    ∞         Spirit   .   (no helmet)
rElec    +         Reflect  .   (no cloak)
rCorr    .         Harm     .   (no gloves)
MR       .....     NoTele   +   a - +0 pair of boots
Stlth    ..........             (no amulet)
HPRegen  0.16/turn              s - +3 ring of dexterity
MPRegen  0.12/turn              t - +3 ring of strength

@: mighty, very slow
A: negative energy resistance 1, electricity resistance, unbreathing,
petrification resistance, rot immunity, AC +4
a: Bend Time, Temporal Distortion, Renounce Religion


You were in the Dungeon.
You worshipped Cheibriados.
Cheibriados was most pleased with you.
You were not hungry.

You visited 1 branch

Inventory:

Hand Weapons
 p - a +1 broad axe of chopping (weapon)
 q - a +2 morningstar of crushing
Armour
 a - a +0 pair of boots (worn)
 c - a +0 shield (worn)
 r - a +0 plate armour (worn)
Jewellery
 s - a +3 ring of dexterity (left hand)
 t - a +3 ring of strength (right hand)
Wands
 o - a wand of iceblast (10)
Scrolls
 k - 2 scrolls of blinking
 m - 3 scrolls of remove curse
 n - 2 scrolls of amnesia
Potions
 h - a potion of haste
 i - 4 potions of magic
 j - a potion of berserk rage
 l - 3 potions of curing
Comestibles
 f - a ration


   Skills:
 + Level 8.2 Fighting
 + Level 6.4 Axes
 + Level 8.2 Armour
 + Level 8.2 Shields
 + Level 6.3 Invocations


You had 6 spell levels left.
You didn't know any spells.
Your spell library was empty.

Dungeon Overview and Level Annotations

Branches:
Dungeon (1/1)

Altars:
Cheibriados
Dithmenos
Elyvilon
Fedhas
Gozag
Hepliaklqana
Kikubaaqudgha
Makhleb
Nemelex Xobeh
Okawaru
Qazlal
Ru
Sif Muna
Trog
Uskayaw
Vehumet
Wu Jian
Xom
Yredelemnul
Zin
The Shining One
Beogh
Jiyva
Lugonu


Innate Abilities, Weirdness & Mutations

You are resistant to torment.
Your stone body is resilient. (AC +4)
You are immune to poison.
You resist negative energy. (rN+)
You are resistant to electric shocks. (rElec)
You can survive without breathing.
You are immune to petrification.
You are immune to rotting.


Message History

You feel very mighty all of a sudden. The troll bites you.
The troll claws you but does no damage. The troll barely misses you.
You slash the troll!
The troll is heavily wounded.
You block the troll's attack. The troll claws you.
The troll claws you but does no damage.
The worker ant waves its antennae.
You closely miss the troll.
The troll is heavily wounded.
The troll bites you but does no damage. You block the troll's attack.
The troll claws you!
* * * LOW HITPOINT WARNING * * *
You closely miss the troll.
The troll is heavily wounded.
The troll bites you but does no damage. You block the troll's attack.
The troll closely misses you. The troll bites you.
* * * LOW HITPOINT WARNING * * *
You block the troll's attack. The troll claws you.
You die... ▓▓▓▓▓▓▓▓▓▓▓▓▓▓▓▓▓▓▓▓▓▓▓▓ '..|).[..['.....@TJoa... ▓▓▓▓▓▓▓▓▓▓▓▓▓▓▓▓▓▓▓▓▓▓▓▓

You could see a slime creature, a troll, an orc warrior and a worker ant.

Vanquished Creatures
  A hornet (D)
  An orc warrior (D)
  A black bear (D)
  A crimson imp (D)
  A hound (D)
  A jelly (D)
  A leopard gecko (D)
  2 bat skeletons (D)
  2 bat zombies (D)
  2 goblins (D)
  A jackal (D)
  A quokka (D)
  A bat (D)
  A quokka zombie (D)
  A rat (D)
18 creatures vanquished.

Notes
Turn   | Place    | Note
-------+----------+-------------------------------------------
     0 | D        | Groucho the Gargoyle Fighter began the quest for the Orb.
     0 | D        | Reached XP level 1. HP: 14/14 MP: 1/1
    39 | D        | Noticed a jelly
    48 | D        | Reached XP level 2. HP: 15/20 MP: 2/2
    55 | D        | Reached XP level 3. HP: 16/25 MP: 3/3
   399 | D        | Found a roughly hewn altar of Beogh.
   399 | D        | Found a snail-covered altar of Cheibriados.
   399 | D        | Found a shadowy altar of Dithmenos.
   399 | D        | Found a white marble altar of Elyvilon.
   399 | D        | Found a blossoming altar of Fedhas.
   399 | D        | Found an opulent altar of Gozag.
   400 | D        | Found a hazy altar of Hepliaklqana.
   401 | D        | Found a viscous altar of Jiyva.
   402 | D        | Found an ancient bone altar of Kikubaaqudgha.
   403 | D        | Became a worshipper of Cheibriados the Contemplative
   404 | D        | Found a corrupted altar of Lugonu.
   405 | D        | Found a burning altar of Makhleb.
   406 | D        | Found a sparkling altar of Nemelex Xobeh.
   407 | D        | Found an iron altar of Okawaru.
   408 | D        | Found a stormy altar of Qazlal.
   409 | D        | Found a sacrificial altar of Ru.
   410 | D        | Found a deep blue altar of Sif Muna.
   411 | D        | Found a bloodstained altar of Trog.
   412 | D        | Found a hide-covered altar of Uskayaw.
   413 | D        | Found a radiant altar of Vehumet.
   414 | D        | Found an ornate altar of the Wu Jian Council.
   415 | D        | Found a shimmering altar of Xom.
   416 | D        | Found a basalt altar of Yredelemnul.
   417 | D        | Found a glowing silver altar of Zin.
   418 | D        | Found a glowing golden altar of the Shining One.
   477 | D        | Noticed a hornet
   477 | D        | Noticed a black bear
   479 | D        | Reached * piety under Cheibriados
   496 | D        | Killed a hornet
   496 | D        | Reached skill level 5 in Axes
   496 | D        | Reached XP level 4. HP: 9/34 MP: 3/7
   496 | D        | Reached XP level 5. HP: 11/38 MP: 3/8
   496 | D        | Reached XP level 6. HP: 12/44 MP: 3/9
   497 | D        | Reached ** piety under Cheibriados
   500 | D        | Killed a black bear
   500 | D        | Reached skill level 5 in Invocations
   502 | D        | Reached *** piety under Cheibriados
   917 | D        | Noticed an orc warrior
   917 | D        | Noticed a troll
   917 | D        | Noticed an orc warrior
   917 | D        | Noticed a slime creature
   929 | D        | Killed an orc warrior
   929 | D        | Reached XP level 7. HP: 36/49 MP: 11/11
   945 | D        | Slain by a troll

Skill      XL: |  1  2  3  4  5  6 |
---------------+-------------------+-----
Axes           | 2 3 5 6 |  6.4
Fighting       | 4 7 8 |  8.2
Armour         | 4 7 8 |  8.2
Shields        | 4 7 8 |  8.2
Invocations    | 4 6 |  6.3

Action                   |  1- 3 |  4- 6 |  7- 9 || total
-------------------------+-------+-------+-------++-------
Melee: War axe           |    35 |       |       ||    35
       Broad axe         |    14 |    18 |    15 ||    47
  Use: Potion            |     6 |       |     1 ||     7
Armor: Scale mail        |    33 |       |       ||    33
       Plate armour      |     8 |    11 |    16 ||    35
Dodge: Dodged            |    18 |     7 |     5 ||    30
Block: Shield            |    31 |     9 |    19 ||    59
